 Dungeon Crawl Stone Soup version 0.17-a0-1582-ge6b0260 (console) character file.

73 Illaniel the Charmwright (level 4, 0/30 HPs)
             Began as a High Elf Skald on July 27, 2015.
             Succumbed to Robin's poison
             ... on level 2 of the Dungeon.
             The game lasted 00:05:46 (1329 turns).

Illaniel the Charmwright (High Elf Skald)           Turns: 1329, Time: 00:05:46

Health: 0/30       AC:  6    Str: 12    XL:     4   Next: 8%
Magic:  2/9        EV: 12    Int: 16    God:
Gold:   93         SH:  0    Dex: 14    Spells: 3 memorised, 3 levels left

rFire  . . .     SeeInvis .     a - +0 falchion
rCold  . . .     Clarity  .     b - +0 leather armour
rNeg   . . .     SustAt   .     (no shield)
rPois  .         Gourm    .     (no helmet)
rElec  .         Spirit   .     m - +2 cloak
rCorr  .         Warding  .     (no gloves)
rMut   .         Stasis   .     (no boots)
MR     .....                    (no amulet)
Stlth  +.........               (no ring)
                                (no ring)

@: lethally poisoned (0 -> -9), very slightly contaminated, not resistant to
hostile enchantments, very unstealthy
A: no striking features
a: no special abilities


You were on level 2 of the Dungeon.
You were hungry.

You visited 1 branch of the dungeon, and saw 2 of its levels.

You collected 93 gold pieces.

Inventory:

Hand weapons
 a - a +0 falchion (weapon)
Armour
 b - a +0 leather armour (worn)
 m - a +2 cloak (worn)
Scrolls
 e - a scroll of noise {unknown}
 h - 2 scrolls of magic mapping {unknown}
 i - 3 scrolls of identify {unknown}
 n - a scroll of immolation {unknown}
Books
 c - a book of Battle

   Spells                             Type                      Level
   a - Infusion                       Charms                       1
   b - Shroud of Golubria             Charms/Translocation         2
   c - Song of Slaying                Charms                       2
   d - Spectral Weapon                Hexes/Charms                 3
   e - Regeneration                   Charms/Necromancy            3
Comestibles
 d - a bread ration
 j - a slice of pizza
 k - a beef jerky
 o - a chunk of flesh


   Skills:
 + Level 2.5 Fighting
 * Level 3.2 Long Blades
 + Level 1.4 Armour
 * Level 1.8 Dodging
 * Level 3.1 Spellcasting
 + Level 0.4 Hexes
 + Level 3.7 Charms
 + Level 0.2 Translocations


You had 3 spell levels left.
You knew the following spells:

 Your Spells              Type           Power        Failure   Level  Hunger
a - Infusion              Chrm           ##....       6%          1    None
c - Spectral Weapon       Hex/Chrm       #.......     34%         3    ###....
h - Shroud of Golubria    Chrm/Tloc      #.........   17%         2    ##.....


Dungeon Overview and Level Annotations

Branches:
Dungeon (2/15)

Altars:


Message History

* * * LOW HITPOINT WARNING * * *
You feel sick.
* * * LOW HITPOINT WARNING * * *
You feel sick. The hobgoblin hits you.
* * * LOW HITPOINT WARNING * * *
* * * LOW HITPOINT WARNING * * *
You feel sick.
* * * LOW HITPOINT WARNING * * *
You feel sick.
* * * LOW HITPOINT WARNING * * *
You feel sick.
There is an escape hatch in the ceiling here.
Drink which item? (? for menu, Esc to quit)
It was a potion of beneficial mutation.
A pair of antennae grows on your head!
You feel fantastic! The hobgoblin closely misses you.
Drink which item? (? for menu, Esc to quit)
It was a potion of cure mutation.
It has a very clean taste.
The antennae on your head shrink away.
You die... ∙∙∙∙∙g▒ ∙∙g∙∙ ∙∙∙∙∙ ∙∙∙ ∙∙∙∙∙∙∙∙∙ ∙gr ▒∙∙∙∙∙∙∙∙ ▒'▒ ▒∙∙∙∙∙∙∙∙ ▒∙▒ ▒∙∙∙∙∙∙∙∙ ▒g▒ ▒▒▒▒▒▒▒■▒▒ ▒∙∙∙s∙∙∙g ▒▒▒▒)▒▒ ∙∙∙∙∙∙∙∙∙▒ ▒∙∙∙∙∙gg∙ ▒∙∙∙r∙▒ ∙∙∙∙∙∙∙∙∙▒ ▒∙∙∙∙∙gg∙ ▒∙∙∙∙∙▒ ∙∙∙∙∙∙∙∙∙▒▒ ▒<∙∙gg∙g∙ ▒∙g∙∙∙▒ ∙∙∙∙∙∙∙∙∙∙∙

▒∙∙∙g∙∙gg ▒∙g∙∙∙▒
∙∙∙∙∙∙∙∙∙∙▒
▒▒▒▒▒▒▒▒▒ ▒∙g∙∙∙▒
▒▒▒▒▒▒▒'▒∙▒ ▒g@∙∙∙▒
▒∙▒∙▒
▒∙∙∙∙∙▒▒▒▒▒▒▒▒▒∙▒∙▒
▒(∙∙∙∙∙∙∙∙∙∙∙∙∙∙▒∙∙
▒∙∙∙∙∙▒▒▒▒▒▒▒▒▒▒▒∙∙
▒∙∙∙∙∙▒ ▒∙∙ ▒▒▒▒▒▒▒
▒∙∙ ∙∙∙∙∙∙▒


∙∙∙∙∙∙∙ You could see a hobgoblin (frenzied), 4 goblins and a rat.

Vanquished Creatures
  Robin (D:2)
  An adder (D:2)
  5 bats
  5 giant cockroaches
  10 goblins
  6 hobgoblins
  9 jackals (D:1)
  4 kobolds
  A giant newt (D:2)
  5 rats
47 creatures vanquished.

Notes
Turn   | Place    | Note
--------------------------------------------------------------
     0 | D:1      | Illaniel the High Elf Skald began the quest for the Orb.
     0 | D:1      | Reached XP level 1. HP: 14/14 MP: 4/4
    34 | D:1      | Reached skill level 1 in Armour
   171 | D:1      | Reached XP level 2. HP: 10/19 MP: 3/6
   175 | D:1      | Learned a level 2 spell: Shroud of Golubria
   729 | D:1      | Reached XP level 3. HP: 20/25 MP: 2/8
   734 | D:1      | Learned a level 3 spell: Spectral Weapon
   905 | D:2      | Noticed Robin
  1322 | D:2      | Killed Robin
  1322 | D:2      | Reached XP level 4. HP: 8/30 MP: 1/9
  1327 | D:2      | HP: 1/30 [poisoned by Robin]
  1328 | D:2      | Gained mutation: You have a pair of small antennae on your head. [potion of beneficial mutation]
  1329 | D:2      | Lost mutation: You have a pair of small antennae on your head. [potion of cure mutation]
  1329 | D:2      | Succumbed to Robin's poison

Vault maps used:
D:1:      lightli_arrival_flooded_house
D:2:      tso_altar, uniq_robin

Action                   |  1- 3 |  4- 6 || total
-------------------------+-------+-------++-------
Melee: Falchion          |   125 |       ||   125
 Cast: Infusion          |    18 |       ||    18
       Shroud of Golubri |     8 |       ||     8
       Spectral Weapon   |     4 |       ||     4
  Use: Potion            |     1 |     2 ||     3
  Eat: Chunk             |     2 |       ||     2
